 Dungeon Crawl Stone Soup version 0.31-a0-1522-g43313d8a59 (webtiles) character file.

Game seed: 4552715131428872680

24 Curundu the Poker (level 2, -1/27 HPs)
             Began as a Minotaur Berserker on Dec 31, 2023.
             Was a Follower of Trog.
             Succumbed to a goblin's poison
             ... on level 1 of the Dungeon.
             The game lasted 00:01:09 (243 turns).

Curundu the Poker (Minotaur Berserker)               Turns: 243, Time: 00:01:09

Health: -1/27      AC:  2    Str: 21    XL:     2   Next: 79%
Magic:  1/1        EV: 12    Int:  4    God:    Trog [*.....]
Gold:   8          SH:  0    Dex:  9    Spells: 1/1 levels left

rFire   . . .        a - +0 spear
rCold   . . .        (no shield)
rNeg    . . .        b - +0 animal skin
rPois   .            (helmet restricted)
rElec   .            (no cloak)
rCorr   .            (no gloves)
SInv    .            (no boots)
Will    .....        (no amulet)
Stlth   +            (no ring)
HPRegen 0.24/turn    (no ring)
MPRegen 0.07/turn

%: no passive effects
@: lethally poisoned (-1 -> -12)
A: horns 2, retaliatory headbutt
a: Renounce Religion, Berserk


You were on level 1 of the Dungeon.
You worshipped Trog.
Trog was aware of your devotion.
You visited 1 branch of the dungeon, and saw 2 of its levels.

You collected 8 gold pieces.

Inventory:

Hand Weapons
 a - a +0 spear (weapon)
Armour
 b - a +0 animal skin (worn)
Jewellery
 c - a ring of ice


   Skills:
 + Level 4.2 Fighting
 + Level 4.2 Polearms
 + Level 2.5 Armour
 + Level 2.4 Dodging


You had one spell level left.
You didn't know any spells.
Your spell library was empty.

Dungeon Overview and Level Annotations

Branches:
Dungeon (2/15)

Altars:

Shops:
D:1 ?


Innate Abilities, Weirdness & Mutations

You have a pair of horns on your head.
You reflexively headbutt those who attack you in melee.


Message History

You barely miss the endoplasm. You headbutt the endoplasm.
The endoplasm is heavily wounded.
The endoplasm freezes you.
You are frozen.
You hit the endoplasm but do no damage.
The endoplasm is heavily wounded.
The endoplasm hits you but does no damage.
You hit the endoplasm.
You kill the endoplasm!
Trog accepts your kill.
You closely miss the goblin.
The goblin hits you with a +1 dagger of venom.
You are poisoned.
You closely miss the goblin.
You feel sick.
The goblin hits you with a +1 dagger of venom.
You are more poisoned.
You hit the goblin. Your headbutt misses the goblin.
The goblin is severely wounded.
You feel very sick.
The goblin hits you with a +1 dagger of venom.
You are lethally poisoned!
You barely miss the goblin. You headbutt the goblin.
You kill the goblin!
Trog accepts your kill.
* * * LOW HITPOINT WARNING * * *
You feel very sick.
You hit the kobold but do no damage.
* * * LOW HITPOINT WARNING * * *
You feel very sick. The kobold hits you with a +0 dagger.
* * * LOW HITPOINT WARNING * * *
You hit the kobold.
You kill the kobold!
Trog accepts your kill.
* * * LOW HITPOINT WARNING * * *
You feel very sick.
You hit the endoplasm. You headbutt the endoplasm.
You kill the endoplasm!
Trog accepts your kill.
You die...

#.###...#
.... #.#
#.### ....
#)# #.# ....
#.# #.# ...?
#.###.# ..∩.
#†..#.# ....
###.#.# ....
#.#.. .?..
#@#.. ....
#)# ....
#.....# ....
#...... ....
#.......
#........
#.........
#..........
##.##.......


There were no monsters in sight!

Vanquished Creatures
  A dart slug (D:1)
  A ribbon worm (D:2)
  2 endoplasms (D:1)
  3 giant cockroaches
  5 goblins
  A ball python (D:1)
  3 frilled lizards
  3 kobolds
  2 rats
21 creatures vanquished.

Notes
Turn   | Place    | Note
-------+----------+-------------------------------------------
     0 | D:1      | Curundu the Minotaur Berserker began the quest for the Orb.
     0 | D:1      | Reached XP level 1. HP: 19/19 MP: 0/0
    32 | D:1      | You fall into a shaft and drop 1 floor!
   107 | D:2      | Reached XP level 2. HP: 22/27 MP: 1/1
   145 | D:1      | Found Xefatuf's Magic Scroll Shoppe.
   242 | D:1      | HP: 1/27 [poisoned by a goblin]
   243 | D:1      | Succumbed to a goblin's poison

Illustrated notes

Levels and vault maps discovered:
D:1:      dpeg_arrival_more_subterranean_lakeside_camping, layout_basic,
          serial_shops, nicolae_shop_statue_plus, shop, nicolae_shop_dealshenge,
          shop, shop, minmay_misc_feat_ornament, chequers_serial_rivers_room_a,
          nicolae_figureground_sparkle
D:2:      layout_basic

Skill      XL: |  1  2 |
---------------+-------+-----
Fighting       | 4 |  4.2
Polearms       | 4 |  4.2
Armour         | |  2.5
Dodging        | |  2.4

Action                     || total
---------------------------++-------
  Melee: Spear             ||    49
         Headbutt          ||     7
 Armour: Animal skin       ||    18
  Dodge: Dodged            ||    21

Table legend: (Time is in decaauts)
 A = Elapsed time spent in this place.
 B = Non-inter-level travel time spent in this place.
 C = Inter-level travel time spent in this place.
 D = Time resting spent in this place.
 E = Time spent auto-exploring this place.
 F = Levels seen in this place.
 G = Mean time per level.
                   A        B        C        D        E       F      G
               +--------+--------+--------+--------+--------+-----+--------+
         Total |    239 |    239 |      0 |      0 |    118 |   2 |  119.5 |
       Dungeon |    239 |    239 |      0 |      0 |    118 |   2 |  119.5 |
               +--------+--------+--------+--------+--------+-----+--------+

Top non-repeatable levels by time:
     D:1: 145 daAuts
     D:2: 93 daAuts
